Unix NetHack Version 3.7.0-50 Work-in-progress - last build Feb 14 2022 21:04:41. Game began 2022-02-15 01:36:33, ended 2022-02-15 01:40:05. Gandelf, neutral male human Monk ######## ------- #------########## #......-######-....| # #|.....|### |<....#########0 #|.....+ |....| # #|.....| ------ #------- ## # # # ---------------# |m@(!%!)[%%%(.|# |%%!?=)%!!*!]@-# |!%??[!?.=%[!.| |![%)/)(%[?!..| |%!)(%*!!?[(%.| --------------- Gandelf the Candidate St:14 Dx:13 Co:14 In:10 Wi:14 Ch:10 Neutral S:244 Dlvl:5 $:0 HP:0(14) Pw:4(4) AC:4 Xp:1/11 T:411 Burdened Latest messages: Call a scroll labeled VERR YED HORRE: l1 You see here a scroll labeled VELOX NEB (for sale, 133 zorkmids). (For instructions type a '?') Call a scroll labeled VELOX NEB: d1 You see here a tin (for sale, 7 zorkmids). You see here a scroll labeled ZELGO MER (for sale, 133 zorkmids). (For instructions type a '?') Call a scroll labeled ZELGO MER: d2 You see here 2 tripe rations (for sale, 40 zorkmids). "For you, good sir; only 20 zorkmids per tripe ration." You have a little trouble lifting v - 2 tripe rations (unpaid, 40 zorkmids). You see here a pair of high boots (for sale, 29 zorkmids). You see here a food ration (for sale, 60 zorkmids). You see here a pair of riding boots (for sale, 14 zorkmids). You see here a pancake (for sale, 20 zorkmids). You see here a food ration (for sale, 60 zorkmids). You see here a food ration (for sale, 60 zorkmids). You see here a yellowish brown gem (for sale, 1200 zorkmids). You see here a golden potion (for sale, 67 zorkmids). You see here a black potion (for sale, 400 zorkmids). You see here a scroll called d2 (for sale, 133 zorkmids). You see here a brown potion (for sale, 178 zorkmids). You see here a pair of snow boots (for sale, 67 zorkmids). You see here a scroll labeled ELBIB YLOH (for sale, 267 zorkmids). (For instructions type a '?') Call a scroll labeled ELBIB YLOH: m2 You see here a steel wand (for sale, 200 zorkmids). You see here a food ration (for sale, 60 zorkmids). You see here a long sword (for sale, 20 zorkmids). You see here a candy bar (for sale, 13 zorkmids). You see here a dark green potion (for sale, 200 zorkmids). You see here a slime mold (for sale, 23 zorkmids). You see here a tattered cape (for sale, 89 zorkmids). You see here a scroll called id (for sale, 27 zorkmids). You see here a scroll called m2 (for sale, 267 zorkmids). You see here a scroll called d1 (for sale, 178 zorkmids). You see here a horn (for sale, 67 zorkmids). You see here a helmet (for sale, 13 zorkmids). Wait! That's a small mimic! The small mimic hits! You hit the small mimic! You hit the small mimic. The small mimic hits! You miss the small mimic. The small mimic hits! You die... Kipawa comes and takes all your possessions. Do you want to see what you had when you died? [ynq] (y) y Do you want to see your attributes? [ynq] (y) y Do you want an account of creatures vanquished? [ynaq] (y) q Major events: Turn 1: Gandelf the neutral male human Monk entered the dungeon 135: entered new level 2, The Dungeons of Doom 157: entered new level 3, The Dungeons of Doom 162: killed for the first time 261: entered new level 4, The Dungeons of Doom 318: entered new level 5, The Dungeons of Doom 364: entered a shop Inventory: Armor a - an uncursed +2 pair of leather gloves (being worn) b - an uncursed +1 robe (being worn) q - an uncursed +0 splint mail Comestibles h - 6 uncursed apples o - an uncursed clove of garlic g - 3 uncursed food rations s - 2 uncursed food rations j - 3 uncursed fortune cookies i - 5 uncursed oranges v - 2 uncursed tripe rations Scrolls k - 2 uncursed scrolls of blank paper d - an uncursed scroll of earth r - a blessed scroll of identify u - a blessed scroll of identify Spellbooks c - a blessed spellbook of protection Potions t - an uncursed potion of fruit juice p - an uncursed potion of paralysis e - 2 uncursed potions of water f - an uncursed potion of water l - an uncursed potion of water Wands m - a wand of sleep (0:8) Gems/Stones n - an uncursed worthless piece of white glass Gandelf the Monk's attributes: Background: You were a Candidate, a level 1 male human Monk. You were neutral, on a mission for Chih Sung-tzu who was opposed by Shan Lai Ching (lawful) and Huan Ti (chaotic). You were in the Dungeons of Doom, on level 5. You entered the dungeon 411 turns ago. It was nighttime. There was a full moon in effect when your adventure ended. You had 11 experience points, 9 more were needed to attain level 2. Your score was 244 before end-of-game adjustments. Basics: You had 0 out of 14 hit points. You had all 4 energy points (spell power). Your armor class was 4. Your wallet was empty. Autopickup was off. Final Characteristics: Your strength was 14 (limit:18/100). Your dexterity was 13 (limit:18). Your constitution was 14 (limit:18). Your intelligence was 10 (limit:18). Your wisdom was 14 (limit:18). Your charisma was 10 (limit:18). Final Status: You were not hungry. You were burdened; movement was slightly slowed. You were empty handed. You had basic skill with martial arts. Final Attributes: You were fervently aligned. You were sleep resistant. You saw invisible. You were guarded. You were fast. You were lucky. You are dead. Miscellaneous: You never encountered a bones level. Total elapsed playing time was 3 minutes and 31 seconds. Vanquished creatures: 2 geckos a kobold a sewer rat 4 creatures vanquished. No species were genocided or became extinct. Voluntary challenges: You went without food. You were an atheist. You never hit with a wielded weapon. You were illiterate. You never engraved Elbereth. You never genocided any monsters. You never polymorphed an object. You never changed form. You used no wishes. Achievement: You entered a shop. The Dungeons of Doom: levels 1 to 5 Level 1: Level 2: Level 3: A fountain. Level 4: A sink. Level 5: <- You were here. A general store. Final resting place for you, killed by a small mimic. Game over: ---------- / \ / REST \ / IN \ / PEACE \ / \ | Gandelf | | 0 Au | | killed by a | | small mimic | | | | | | 2022 | *| * * * | * _________)/\\_//(\/(/\)/\//\/|_)_______ Goodbye Gandelf the Monk... You died in The Dungeons of Doom on dungeon level 5 with 244 points, and 0 pieces of gold, after 411 moves. You were level 1 with a maximum of 14 hit points when you died.